 Dungeon Crawl Stone Soup version 0.31-a0-543-geaa9c7a2c0 (webtiles) character file.

Game seed: 11700062238397797649

37 Ethylacetat the Ducker (level 3, -1/37 HPs)
             Began as an Octopode Gladiator on Aug 15, 2023.
             Slain by a phantom (3 damage)
             ... on level 3 of the Dungeon.
             The game lasted 00:01:28 (1476 turns).

Ethylacetat the Ducker (Octopode Gladiator)         Turns: 1476, Time: 00:01:28

Health: -1/37      AC:  1    Str: 13    XL:     3   Next: 41%
Magic:  3/3        EV: 14    Int: 10    God:
Gold:   119        SH:  0    Dex: 15    Spells: 2/2 levels left

rFire   . . .        p - +1 dagger (venom)
rCold   . . .        (no shield)
rNeg    . . .        a - +0 hat
rPois   .            (no amulet)
rElec   .            (no ring)
rCorr   .            (no ring)
SInv    .            (no ring)
Will    .....        (no ring) Stlth
                     (no ring)
HPRegen 0.26/turn    (no ring)
MPRegen 0.08/turn    (no ring)
                     (no ring)

%: no passive effects
@: berserking, very quick
A: almost no armour, amphibious, 8 rings, camouflage 1, gelatinous body 1,
(nimble swimmer 1), tentacles
a: no special abilities


You were on level 3 of the Dungeon.
You visited 1 branch of the dungeon, and saw 3 of its levels.

You collected 119 gold pieces.

Inventory:

Hand Weapons
 p - a +1 dagger of venom (weapon)
Missiles
 b - 4 throwing nets (quivered)
 c - a javelin
Armour
 a - a +0 hat (worn)
Scrolls
 f - a scroll of poison {unknown}
 h - 4 scrolls of identify {unknown}
 m - a scroll of vulnerability {unknown}
Potions
 e - a potion of heal wounds {unknown}
 g - a potion of enlightenment
 i - a potion of degeneration {unknown}
 j - a potion of might {unknown}
 l - a potion of lignification


   Skills:
 + Level 2.7 Fighting
 - Level 2.0 Throwing
 + Level 3.5 Dodging
 + Level 3.4 Unarmed Combat


You had 2 spell levels left.
You didn't know any spells.
Your spell library contained the following spells:

 Spells                   Type           Power      Damage    Failure   Level
 Summon Guardian Golem    Hex/Summ       0%         N/A       75%         3
 Orb of Destruction       Conj           0%         9d5       100%        7
 Spellforged Servitor     Conj/Summ      0%         N/A       100%        7


Dungeon Overview and Level Annotations

Branches:
Dungeon (3/15)

Altars:
Qazlal


Innate Abilities, Weirdness & Mutations

You cannot wear most types of armour.
You are amphibious.
You can wear up to eight rings at the same time.
Your skin changes colour to match your surroundings (Stealth+).
Your rubbery body absorbs attacks. (AC +1, EV +1)
((You are camouflaged when in or above water. (Stealth+)))
You have tentacles for arms and can constrict up to eight enemies at once.


Message History

A phantom is nearby!
A phantom is nearby!
The phantom hits you.
You barely miss the phantom. The phantom hits you!
You closely miss the phantom. You squeeze the phantom!
The phantom is moderately damaged.
The phantom hits you.
The phantom blinks!
You blink.
You are too injured to fight recklessly!
You are too injured to fight recklessly!
You are too injured to fight recklessly!
You are too injured to fight recklessly!
You are too injured to fight recklessly!
It was a potion of enlightenment.
You feel very buoyant.
You fly up into the air.
The phantom hits you!
* * * LOW HITPOINT WARNING * * *
It was a potion of attraction.
You feel attractive to monsters. The phantom closely misses you.
It was a potion of lignification.
You turn into a tree.
Your +0 hat melds into your body.
Your roots penetrate the ground.
The phantom hits you but does no damage.
It was a potion of cancellation.
Your magical effects are unravelling.
You feel magically purged.
You feel less wooden.
Your +0 hat unmelds from your body.
Your enlightenment fades.
The phantom hits you.
* * * LOW HITPOINT WARNING * * *
You feel less attractive to monsters.
It was a potion of berserk rage.
A red film seems to cover your vision as you go berserk!
You feel yourself moving faster!
You feel mighty! The phantom hits you.
* * * LOW HITPOINT WARNING * * *
The phantom blinks!
You blink.
You puncture the phantom! You squeeze the phantom.
The phantom is almost destroyed.
The phantom hits you.
You die...

### #...######
#W@...######
##.##......#####
##...##.......#
#.#.##.#.###.#
#....ยง.#.#
#.#### #
#.##.####.#
#..... #.. .
.....# #.#
#..### #...# .#
.#.##.. ..# #..#
#>..# .# .## ###
### #..#


You could see a phantom.

Vanquished Creatures
  2 ball pythons (D:1)
  7 bats
  7 endoplasms
  5 goblins
  6 hobgoblins
  A quokka (D:2)
  2 frilled lizards
  A kobold (D:1)
  A rat (D:1)
32 creatures vanquished.

Notes
Turn   | Place    | Note
-------+----------+-------------------------------------------
     0 | D:1      | Ethylacetat the Octopode Gladiator began the quest for the
                  | Orb.
     0 | D:1      | Reached XP level 1. HP: 14/14 MP: 1/1
    52 | D:1      | Found a faded altar of an unknown god.
    76 | D:1      | Reached XP level 2. HP: 19/19 MP: 2/2
   733 | D:2      | Reached XP level 3. HP: 21/25 MP: 3/3
  1219 | D:3      | Found a stormy altar of Qazlal.
  1464 | D:3      | Noticed a phantom
  1475 | D:3      | HP: 1/37 [phantom (2)]
  1476 | D:3      | Slain by a phantom

Illustrated notes

Levels and vault maps discovered:
D:1:      eino_arrival_druids_welcome, layout_loops_cross,
          hellmonk_ecumenical_altar_arch_garden
D:2:      layout_basic
D:3:      layout_loops_cross, tgw_trog, nicolae_qazlal_general_emergency

Action                     || total
---------------------------++-------
  Melee: Unarmed           ||    60
         Constrict         ||    12
         Tentacles         ||    11
         Punch             ||     1
         Dagger            ||     3
    Use: Potion            ||     5
   Stab: Sleeping          ||     5
 Armour: Skin              ||     4
  Dodge: Dodged            ||    24

Table legend: (Time is in decaauts)
 A = Elapsed time spent in this place.
 B = Non-inter-level travel time spent in this place.
 C = Inter-level travel time spent in this place.
 D = Time resting spent in this place.
 E = Time spent auto-exploring this place.
 F = Levels seen in this place.
 G = Mean time per level.
                   A        B        C        D        E       F      G
               +--------+--------+--------+--------+--------+-----+--------+
         Total |   1471 |   1440 |     31 |      0 |   1239 |   3 |  490.3 |
       Dungeon |   1471 |   1440 |     31 |      0 |   1239 |   3 |  490.3 |
               +--------+--------+--------+--------+--------+-----+--------+

Top non-repeatable levels by time:
     D:1: 609 daAuts
     D:2: 606 daAuts
     D:3: 256 daAuts
